 Dungeon Crawl Stone Soup version 0.18-a0-1788-g92de1ac (webtiles) character file.

57 macross the Stinger (level 3, -3/37 HPs)
             Began as a Demonspawn Venom Mage on Apr 21, 2016.
             Engulfed by a cloud of flame (11 damage)
             ... on level 3 of the Dungeon.
             The game lasted 00:09:34 (2253 turns).

macross the Stinger (Demonspawn Venom Mage)         Turns: 2253, Time: 00:09:36

Health: -3/37      AC: 21    Str:  8    XL:     3   Next: 73%
Magic:  0/6        EV:  2    Int: 17    God:
Gold:   86         SH:  0    Dex: 13    Spells: 3 memorised, 0 levels left

rFire  . . .     SeeInvis .     f - +0 dagger
rCold  + . .     Gourm    .     (armour currently unavailable)
rNeg   + + +     Faith    .     (no shield)
rPois  +         Spirit   .     (helmet currently unavailable)
rElec  .         Dismiss  .     (cloak currently unavailable)
rCorr  .         Reflect  .     (gloves currently unavailable)
SustAt .         Harm     .     (boots currently unavailable)
MR     .....     NoTele   +     (no amulet)
Stlth  +++.......               (no ring)
                                i - ring of protection from cold

@: tree-form (expiring), not resistant to hostile enchantments, fairly stealthy
A: nightstalker 1
a: no special abilities


You were on level 3 of the Dungeon.
You were full.
You were a tree.
You visited 1 branch of the dungeon, and saw 3 of its levels.

You collected 86 gold pieces.

Inventory:

Hand Weapons
 d - a +0 short sword
 f - a +0 dagger (weapon)
Armour
 a - a +1 robe (melded)
Jewellery
 i - a ring of protection from cold (left branch)
Scrolls
 m - a scroll of recharging {unknown}
 n - 2 scrolls of identify {unknown}
Potions
 k - a potion of flight
Books
 b - a Young Poisoner's Handbook

   Spells                             Type                      Level
   a - Sting                          Conjuration/Poison           1
   b - Cure Poison                    Poison                       2
   c - Mephitic Cloud                 Conjuration/Poison/Air       3
   d - Olgreb's Toxic Radiance        Poison                       4
   e - Venom Bolt                     Conjuration/Poison           5
Comestibles
 c - a meat ration
 j - a bread ration


   Skills:
 + Level 0.4 Fighting
 + Level 0.3 Short Blades
 + Level 2.0 Dodging
 + Level 2.1 Stealth
 + Level 2.1 Spellcasting
 + Level 0.8 Conjurations
 + Level 4.8 Poison Magic


You couldn't memorise any spells.
You knew the following spells:

 Your Spells              Type           Power        Failure   Level  Hunger
a - Sting                 Conj/Pois      ##..         10%         1    #......
b - Cure Poison           Pois           ###.......   4%          2    ###....
c - Mephitic Cloud        Conj/Pois/Air  #.......     30%         3    ###....


Dungeon Overview and Level Annotations

Branches:
Dungeon (3/15)

Altars:
Fedhas
Qazlal
The Shining One


Innate Abilities, Weirdness & Mutations

You are slightly more attuned to the shadows.


Message History

Confirm with . or Enter, or press ? or * to list all spells.
Aiming: Sting
Press: ? - help, Shift-Dir - straight line, f/p - orc
Aim: an orc, wielding a club (inner flame)
The sting hits the orc.
The orc is poisoned.
The orc is severely wounded.
The orc completely misses you.
Casting: Sting
Confirm with . or Enter, or press ? or * to list all spells.
Aiming: Sting
Press: ? - help, Shift-Dir - straight line, f/p - orc
Aim: an orc, wielding a club (severely wounded, poisoned, inner flame)
The sting hits the orc.
The orc looks even sicker.
The orc explodes!
The fiery explosion engulfs the rat.
You kill the rat!
The fiery explosion engulfs you!
* * * LOW HITPOINT WARNING * * *
You are engulfed in roaring flames.
You die...

....r....
.._......
..o.....
...$....
..⌠....#
......o####
...)..o§)§#
.._o.(###♣#
....## #.#
#.. #.# #.
#.# # #.#
#.# .#.


You could see an orc priest (inner flame) and an orc (inner flame).

Vanquished Creatures
  An adder (D:2)
  2 dart slugs (D:1)
  2 giant geckos
  2 orcs (D:3)
  3 bats (D:1)
  3 giant cockroaches
  6 goblins
  3 hobgoblins
  A quokka (D:2)
  4 giant newts
  8 kobolds
  5 rats
40 creatures vanquished.

Notes
Turn   | Place    | Note
--------------------------------------------------------------
     0 | D:1      | macross the Demonspawn Venom Mage began the quest for the Orb.
     0 | D:1      | Reached XP level 1. HP: 13/13 MP: 3/3
   521 | D:1      | Gained mutation: You are slightly more attuned to the shadows. [demonic ancestry]
   521 | D:1      | Reached XP level 2. HP: 17/19 MP: 0/5
   525 | D:1      | Learned a level 2 spell: Cure Poison
  1493 | D:2      | Reached XP level 3. HP: 24/24 MP: 2/6
  1574 | D:2      | Learned a level 3 spell: Mephitic Cloud
  1910 | D:2      | Found a blossoming altar of Fedhas.
  2198 | D:3      | Found a stormy altar of Qazlal.
  2198 | D:3      | Found a glowing golden altar of the Shining One.
  2253 | D:3      | Engulfed by a cloud of flame

Vault maps used:
D:1:      dpeg_arrival_rhombi, hangedman_decor_growths, minivault_25,
          st_stairs_7
D:2:      fedhas_altar_2
D:3:      overflow_temple_1_default, grunt_temple_overflow_open, first_bread,
          uniq_robin

Skill      XL: |  1  2  3 |
---------------+----------+-----
Stealth        | 2 |  2.1
Dodging        | 2 |  2.0
Fighting       | |  0.4
Short Blades   | |  0.3
Spellcasting   | |  2.1
Conjurations   | |  0.8
Poison Magic   | |  4.8

Action                   || total
-------------------------++-------
Melee: Dagger            ||    32
 Cast: Sting             ||    56
       Mephitic Cloud    ||     2
  Use: Scroll            ||     4
       Potion            ||     2
  Eat: Meat ration       ||     1
       Bread ration      ||     1
Armor: Robe              ||    10
       Skin              ||    28
Dodge: Dodged            ||    48
